 Dungeon Crawl Stone Soup version 0.29.0-4-gdea44cf6ec (webtiles) character file.

Game seed: 7035247070946657101

15 qw the Chopper (level 2, -1/24 HPs)
             Began as a Barachi Chaos Knight on Sept 5, 2022.
             Succumbed to their own poison gas
             ... on level 1 of the Dungeon.
             The game lasted 00:00:20 (861 turns).

qw the Chopper (Barachi Chaos Knight)                Turns: 861, Time: 00:00:21

Health: -1/24      AC:  5    Str: 13    XL:     2   Next: 50%
Magic:  2/2        EV: 11    Int: 12    God:
Gold:   35         SH:  0    Dex: 11    Spells: 1/1 levels left

rFire   . . .      SeeInvis .   Y - +0 hand axe (chaos)
rCold   . . .      Faith    .   (no shield)
rNeg    . . .      Spirit   .   b - +2 leather armour
rPois   .          Reflect  .   (no helmet)
rElec   .          Harm     .   (no cloak)
rCorr   .          Rampage  .   (no gloves)
Will    .....                   (no boots)
Stlth   +.........              (no amulet)
HPRegen 0.08/turn               (no ring)
MPRegen 0.08/turn               (no ring)

@: mighty, lethally poisoned (-1 -> -13), slow
A: amphibious, slowness 1, strong legs 1, +LOS
a: Hop


You were on level 1 of the Dungeon.
You visited 1 branch of the dungeon, and saw 1 of its levels.

You collected 35 gold pieces.


Innate Abilities, Weirdness & Mutations

You are amphibious.
You cover ground slowly.
You can hop short distances.
You have an extended range of vision and can be seen from far away.


   Skills:
 - Level 3.6 Fighting
 + Level 4.2 Axes
 - Level 2.4 Armour
 - Level 1.1 Dodging


You had one spell level left.
You didn't know any spells.
Your spell library was empty.

Inventory:

Hand Weapons
 e - a +0 club
 Y - a +0 hand axe of chaos (weapon)
Armour
 b - a +2 leather armour (worn)
Potions
 d - a potion of degeneration {unknown}
 f - a potion of resistance {unknown}
 h - a potion of might
 i - a potion of berserk rage {unknown}
 j - a potion of mutation {unknown}
Miscellaneous
 c - a piece from Xom's chessboard (15/15)

Dungeon Overview and Level Annotations

Branches:
Dungeon (1/15)

Altars:


Message History

The kobold closely misses you. The kobold hits you but does no damage.
You closely miss the kobold. The kobold hits you but does no damage.
You hit the kobold.
You kill the kobold!
You start resting.
HP restored.
Things that are here:
a +0 club; a kobold corpse
There is an open door here.
There is an open door here.
A rat comes into view.
Enter note: You hit the rat.
You burn the rat.
You kill the rat!
Done exploring.
Done exploring.
856 ||| READING scroll labelled GITANUPPYST.
The air fills with toxic fumes!
As you read the scroll labelled GITANUPPYST, it crumbles to dust.
It was a scroll of poison.
Done exploring.
857 ||| DRINKING 2 dark potions.
It was a potion of might.
You feel very mighty all of a sudden.
Done exploring.
(D) Dungeon
Where to? (* - list waypoints, ? - help)
What level of the Dungeon? (default 1, ? - help) Sorry, I don't know how to get there.
Done exploring.
858 ||| Stepping randomly (stuck).
Really walk into that cloud of poison gas?
You are engulfed in poison gas.
You are lethally poisoned!
You feel extremely sick.
859 ||| Stepping ~*~*~tactically~*~*~ (cloud).
You feel very sick.
There is a lethal amount of poison in your body!
You feel very sick.
There is a lethal amount of poison in your body!
You die...

##....### #.# ######.####
#.# ##...##.# ##.##
#..#..#.# ########...####
#.###...# #¤¤0¤¤##......#
#..#..### #¤¤¤¤¤##...>..#
##...## #0¤¤¤¤#####.###
##.## #¤0¤¤¤# #.# #.####
#@¤¤¤¤# #.# #....# #¤#####
#.# ####.# #¤##### #.#
####.####¤¤...## #.#
#.......¤¤¤.#..## #.######
#.##.#..¤¤¤¤....###.......
#####
#>##.#..¤¤¤¤#.......#####.
....#
#.##...¤0¤#¤#.#####.#####.
....####.####.¤#¤#0#.#
#.##....


There were no monsters in sight!

Vanquished Creatures
  2 endoplasms (D:1)
  2 giant cockroaches (D:1)
  2 goblins (D:1)
  A hobgoblin (D:1)
  3 frilled lizards (D:1)
  3 kobolds (D:1)
  2 rats (D:1)
15 creatures vanquished.

Notes
Turn   | Place    | Note
-------+----------+-------------------------------------------
     0 | D:1      | qw the Barachi Chaos Knight began the quest for the Orb.
     0 | D:1      | Reached XP level 1. HP: 18/18 MP: 1/1
     0 | D:1      | 0 ||| qw: Version: 0.1-a-104-g96f76f8
     0 | D:1      | 0 ||| qw: Game counter: 6022
     0 | D:1      | 0 ||| qw: Always use a shield: true
     0 | D:1      | 0 ||| qw: God list: Okawaru
     0 | D:1      | 0 ||| qw: Allow faded altars: false
     0 | D:1      | 0 ||| qw: Do Orc after D:15 true
     0 | D:1      | 0 ||| qw: Do second Lair branch before Depths: true
     0 | D:1      | 0 ||| qw: Lair rune preference: random
     0 | D:1      | 0 ||| qw: Plans: Normal
     0 | D:1      | 0 ||| PLANNING D:1-11
     0 | D:1      | Fell from the grace of Xom
   147 | D:1      | XOM: 1-stop teleportation journey
   155 | D:1      | Reached XP level 2. HP: 20/24 MP: 2/2
   290 | D:1      | Reached skill level 4 in Axes
   384 | D:1      | Found a faded altar of an unknown god.
   446 | D:1      | XOM: summons 1 hostile demon
   856 | D:1      | 856 ||| READING scroll labelled GITANUPPYST.
   857 | D:1      | 857 ||| DRINKING 2 dark potions.
   858 | D:1      | 858 ||| Stepping randomly (stuck).
   859 | D:1      | 859 ||| Stepping ~*~*~tactically~*~*~ (cloud).
   859 | D:1      | HP: 4/24 [poisoned by you (poison gas)]
   860 | D:1      | HP: 1/24 [poisoned by you (poison gas)]
   861 | D:1      | Succumbed to their own poison gas

Levels and vault maps discovered:
D:1:      psy_arrival_terrarium, layout_loops_cross, basic_ecumenical_altar,
          chequers_serial_rivers_marsh, minmay_misc_feat_more_columns

Skill      XL: |  1  2 |
---------------+-------+-----
Axes           | 4 |  4.2
Fighting       | |  3.6
Armour         | |  2.4
Dodging        | |  1.1

Action                   || total
-------------------------++-------
Melee: Hand axe          ||    43
Invok: Renounce Religion ||     1
  Use: Scroll            ||     1
       Potion            ||     1
Armor: Leather armour    ||    17
Dodge: Dodged            ||    20

Table legend:
 A = Non-vault XP
 B = Vault XP
 C = Vault XP percentage of total XP
 D = Non-vault monster count
 E = Vault monster count
 F = Vault count percentage of total count
                 A         B        C        D         E       F
            +---------+---------+-------+---------+---------+-------
      Total |      22 |       0 |   0.0 |      15 |       0 |   0.0
            +---------+---------+-------+---------+---------+-------
        D:1 |      22 |       0 |   0.0 |      15 |       0 |   0.0
            +---------+---------+-------+---------+---------+-------
